 Dungeon Crawl Stone Soup version 0.28-a0-1286-g6bde065e89 (webtiles) character file.

Game seed: 12348265961704375730

70 Sabo the Magician (level 4, -2/31 HPs)
             Began as a Djinni Ice Elementalist on Dec 26, 2021.
             Was a Follower of Okawaru.
             Slain by a gnoll (6 damage)
             ... on level 2 of the Dungeon.
             The game lasted 00:16:59 (2597 turns).

Sabo the Magician (Djinni Ice Elementalist)         Turns: 2597, Time: 00:17:00

Health: -2/31      AC:  5    Str:  7    XL:     4   Next: 44%
Gold:   42         EV: 12    Int: 19    God:    Okawaru [*.....] SH:  0 Dex: 13

rFire   + + .      SeeInvis .   h - +2 whip (venom)
rCold   x . .      Faith    .   (no shield)
rNeg    . . .      Spirit   .   i - +0 robe
rPois   ∞          Reflect  .   k - +2 helmet
rElec   .          Harm     .   (no cloak)
rCorr   .          Rampage  .   (no gloves)
Will    .....                   (boots unavailable)
Stlth   ++........              (no amulet)
HPRegen 0.10/turn               (no ring)
MPRegen 0.00/turn               (no ring)

@: flying
A: sickness immunity, fire resistance 2, cold vulnerability 1, float, innate
caster, hp casting, extra vitality 1
a: Renounce Religion, Heroism


You were on level 2 of the Dungeon.
You worshipped Okawaru.
Okawaru was aware of your devotion.
You visited 1 branch of the dungeon, and saw 2 of its levels.

You collected 42 gold pieces.

Inventory:

Hand Weapons
 g - a +0 spear
 h - a +2 whip of venom (weapon)
 m - a +0 long sword
Missiles
 a - 42 stones
Armour
 i - a +0 robe (worn)
 k - a +2 helmet (worn)
 l - a +0 tower shield
Scrolls
 f - a scroll of amnesia {unknown}
 j - a scroll of fear {unknown}
Potions
 b - a potion of might {unknown}
 c - a potion of curing
 d - a potion of haste {unknown}
 e - a potion of brilliance {unknown}


   Skills:
 + Level 0.4 Fighting
 + Level 0.3 Short Blades
 + Level 0.9 Maces & Flails
 + Level 2.4 Dodging
 + Level 1.7 Stealth
 + Level 4.1 Spellcasting


You couldn't memorise any spells.
You knew the following spells:

 Your Spells              Type           Power      Damage    Failure   Level
a - Freeze                Ice            76%        1d9       2%          1
b - Frozen Ramparts       Ice            38%        1d5       8%          3
c - Ozocubu's Armour      Ice            19%        N/A       8%          3
d - Hailstorm             Conj/Ice       19%        3d6       26%         4
e - Magic Dart            Conj           76%        1d6       2%          1
Your spell library was empty.

Dungeon Overview and Level Annotations

Branches:
Dungeon (2/15)

Altars:
Okawaru


Innate Abilities, Weirdness & Mutations

You are immune to sickness and miasma.
You are immune to poison.
Your flesh is very heat resistant. (rF++)
You are vulnerable to cold. (rC-)
You float through the air rather than walking.
You learn spells naturally, not from books.
Your magical power is your life essence.
You have superior vitality. (+4 MHP)


Message History

The gnoll is moderately wounded.
The gnoll hits you but does no damage. The gnoll barely misses you.
You barely miss the gnoll.
The gnoll is moderately wounded.
The gnoll barely misses you.
The gnoll hits you from afar with a +0 spear.
* * * LOW HITPOINT WARNING * * *
Casting: Freeze (safe; 2% risk of failure)
Confirm with . or Enter, or press ? or * to list all spells.
Aiming: Freeze (safe; 2% risk of failure)
Press: ? - help, Shift-Dir - straight line, f/p - gnoll
Aim: a gnoll, wielding a +0 whip (moderately wounded)
You freeze the gnoll.
The gnoll is heavily wounded.
* * * LOW HITPOINT WARNING * * *
The gnoll hits you with a +0 whip.
* * * LOW HITPOINT WARNING * * *
The gnoll barely misses you.
Casting: Freeze (safe; 2% risk of failure)
Confirm with . or Enter, or press ? or * to list all spells.
Aiming: Freeze (safe; 2% risk of failure)
Press: ? - help, Shift-Dir - straight line, f/p - gnoll
Aim: a gnoll, wielding a +0 whip (heavily wounded)
You freeze the gnoll.
The gnoll is severely wounded.
* * * LOW HITPOINT WARNING * * *
The gnoll closely misses you.
You hit the gnoll but do no damage.
The gnoll is poisoned.
The gnoll is severely wounded.
The gnoll hits you but does no damage. The gnoll barely misses you.
Casting: Freeze (safe; 2% risk of failure)
Confirm with . or Enter, or press ? or * to list all spells.
Aiming: Freeze (safe; 2% risk of failure)
Press: ? - help, Shift-Dir - straight line, f - gnoll, p - gnoll
Aim: a gnoll, wielding a +0 flail You freeze the gnoll.
The gnoll is lightly wounded.
* * * LOW HITPOINT WARNING * * *
The gnoll hits you but does no damage. The gnoll hits you with a +0 whip.
You die...

..#.#......#.. #.'....
#'#)#<#.##.#.###.#...
....#....#.#.....#...
....#..#'#..........#+#
....#......#......#.#.#
....#......#......#.#.######
....#......#...g..#.#......#
###>.......# #g#.....###.#
))..)..#'### #@g.........#
###....#.# #######.....#
.##.##.#.# #####.#
.##.##.#.# #.#
.......#.##### #.#
..#.#..#.....# ######.#
....#..#####.# #......#
#......# #[# #.######
.......# #.########.#


You could see 3 gnolls.

Vanquished Creatures
  Robin (D:2)
  An adder (D:2)
  4 bats (D:1)
  2 endoplasms
  2 giant cockroaches (D:1)
  13 goblins
  9 hobgoblins
  3 jackals (D:1)
  2 quokkas
  2 frilled lizards (D:1)
  A kobold (D:1)
  2 rats
42 creatures vanquished.

Vanquished Creatures (others)
  15 plants (D:2)
15 creatures vanquished.

Grand Total: 57 creatures vanquished

Notes
Turn   | Place    | Note
-------+----------+-------------------------------------------
     0 | D:1      | Sabo the Djinni Ice Elementalist began the quest for the
                  | Orb.
     0 | D:1      | Reached XP level 1. HP: 15/15 MP: 0/0
   417 | D:1      | Reached XP level 2. HP: 20/21 MP: 0/0
   879 | D:1      | Reached XP level 3. HP: 20/25 MP: 0/0
   879 | D:1      | Learned a level 1 spell: Magic Dart
  1215 | D:1      | Found a faded altar of an unknown god.
  1224 | D:1      | Prayed at the altar of an unknown god.
  1224 | D:1      | Became a worshipper of Warmaster Okawaru
  1224 | D:1      | Reached * piety under Okawaru
  1631 | D:2      | Noticed Robin
  2190 | D:2      | Killed Robin
  2191 | D:2      | Reached skill level 4 in Spellcasting
  2191 | D:2      | Reached XP level 4. HP: 10/31 MP: 0/0
  2597 | D:2      | Slain by a gnoll

Illustrated notes

Levels and vault maps discovered:
D:1:      elethiomel_arrival_quiet, layout_loops_ring,
          ebering_ecumenical_altar_sacrificial
D:2:      layout_basic, kennysheep_cross_room, nicolae_grassy_gnolls, uniq_robin

Skill      XL: |  1  2  3 |
---------------+----------+-----
Spellcasting   | 4 |  4.1
Fighting       | |  0.4
Short Blades   | |  0.3
Maces & Flails | |  0.9
Dodging        | |  2.4
Stealth        | |  1.7

Action                   |  1- 3 |  4- 6 || total
-------------------------+-------+-------++-------
Melee: Short sword       |     7 |       ||     7
       Whip              |    19 |    21 ||    40
 Cast: Freeze            |    40 |     8 ||    48
  Use: Potion            |     1 |       ||     1
 Stab: Sleeping          |     1 |       ||     1
Armor: Robe              |     5 |     6 ||    11
Dodge: Dodged            |    31 |    23 ||    54

Table legend: (Time is in decaauts)
 A = Elapsed time spent in this place.
 B = Non-inter-level travel time spent in this place.
 C = Inter-level travel time spent in this place.
 D = Time resting spent in this place.
 E = Time spent auto-exploring this place.
 F = Levels seen in this place.
 G = Mean time per level.
                   A        B        C        D        E       F      G
               +--------+--------+--------+--------+--------+-----+--------+
         Total |   2600 |   2600 |      0 |   1223 |      0 |   2 | 1300.0 |
       Dungeon |   2600 |   2600 |      0 |   1223 |      0 |   2 | 1300.0 |
               +--------+--------+--------+--------+--------+-----+--------+

Top non-repeatable levels by time:
     D:1: 1680 daAuts
     D:2: 920 daAuts
